 Dungeon Crawl Stone Soup version 0.28-a0-643-g84cb2ea78e (webtiles) character file.

Game seed: 12082682177505159634

37 AttackTheMoon the Grave Robber (level 3, -2/25 HPs)
             Began as a Ghoul Necromancer on Oct 11, 2021.
             Was a Follower of Hepliaklqana.
             Slain by an ufetubus (3 damage)
             ... on level 1 of the Dungeon.
             The game lasted 00:02:04 (1320 turns).

AttackTheMoon the Grave Robber (Ghoul Necromancer)  Turns: 1320, Time: 00:02:05

Health: -2/25      AC:  2    Str: 11    XL:     3   Next: 41%
Magic:  5/5        EV: 12    Int: 11    God:    Hepliaklqana [*.....]
Gold:   43         SH:  0    Dex: 15    Spells: 5/6 levels left

rFire   . . .      SeeInvis .   (no weapon)
rCold   + + .      Faith    .   (no shield)
rNeg    + + +      Spirit   .   a - +0 robe
rPois   ∞          Reflect  .   (no helmet)
rElec   .          Harm     .   (no cloak)
rCorr   .          Rampage  .   (no gloves)
Will    .....                   (no boots)
Stlth   ++........              (no amulet)
HPRegen 0.00/turn               d - +6 ring of dexterity
MPRegen 0.09/turn               c - ring of protection from cold

@: inhibited regen
A: reduced essence, claws 1, cold resistance 1, negative energy resistance 3,
inhibited regeneration, torment resistance 2
a: Renounce Religion, Recall Ancestor, Ancestor Identity


You were on level 1 of the Dungeon.
You worshipped Hepliaklqana.
Hepliaklqana was aware of your devotion.
You visited 1 branch of the dungeon, and saw 2 of its levels.

You collected 43 gold pieces.

Inventory:

Armour
 a - a +0 robe (worn)
Jewellery
 c - a ring of protection from cold (right claw)
 d - a +6 ring of dexterity (left claw)
Scrolls
 b - a scroll of teleportation
 e - a scroll of enchant weapon {unknown}
Potions
 g - a potion of mutation {unknown}


   Skills:
 + Level 1.3 Fighting
 + Level 2.2 Dodging
 - Level 2.1 Stealth
 + Level 2.2 Spellcasting
 + Level 4.3 Necromancy


You had 5 spell levels left.
You knew the following spells:

 Your Spells              Type           Power      Damage    Failure   Level
a - Pain                  Necr           40%        1d6       4%          1

Your spell library contained the following spells:

 Spells                   Type           Power      Damage    Failure   Level
 Animate Skeleton         Necr           20%        N/A       4%          1
 Vampiric Draining        Necr           5%         2d6       14%         3
 Foxfire                  Conj/Fire      4%         2x1d4     28%         1
 Animate Dead             Necr           5%         N/A       43%         4
 Conjure Flame            Conj/Fire      1%         6-21      65%         3
 Inner Flame              Hex/Fire       1%         N/A       65%         3
 Agony                    Necr           10%        N/A       80%         5
 Flame Wave               Conj/Fire      1%         3d3       96%         4


Dungeon Overview and Level Annotations

Branches:
Dungeon (2/15)

Altars:
Hepliaklqana

Shops:
D:1 (


Innate Abilities, Weirdness & Mutations

Your life essence is reduced to manifest your ancestor. (-10% HP)
You thrive by killing the living.
You are immune to poison.
You have sharp fingernails.
Your flesh is cold resistant. (rC+)
You are immune to negative energy. (rN+++)
You do not regenerate when monsters are visible.
You are immune to unholy pain and torment.


Message History

The ufetubus barely misses you.
The ufetubus hits you but does no damage.
You scratch the ufetubus but do no damage.
The ufetubus is moderately wounded.
The ufetubus hits you. x2
* * * LOW HITPOINT WARNING * * *
The ufetubus hits you.
* * * LOW HITPOINT WARNING * * *
The ufetubus hits you.
* * * LOW HITPOINT WARNING * * *
It was a potion of heal wounds.
You feel much better. The ufetubus hits you. x2
You scratch the ufetubus.
The ufetubus is heavily wounded.
The ufetubus barely misses you.
The ufetubus hits you but does no damage.
The ufetubus hits you. x2
You closely miss the ufetubus.
The ufetubus is heavily wounded.
The ufetubus closely misses you. x2
You scratch the ufetubus.
The ufetubus is severely wounded.
The ufetubus hits you. x2; The ufetubus misses you.
The ufetubus barely misses you.
You closely miss the ufetubus.
The ufetubus is severely wounded.
The ufetubus hits you but does no damage.
The ufetubus barely misses you. The ufetubus closely misses you.
The ufetubus misses you. The ufetubus closely misses you.
The ufetubus hits you.
* * * LOW HITPOINT WARNING * * *
There is a stone staircase leading up here.
The ufetubus closely misses you. The ufetubus hits you.
* * * LOW HITPOINT WARNING * * *
You climb upwards.
There is a stone staircase leading down here.
The ufetubus closely misses you.
The ufetubus hits you but does no damage.
The ufetubus closely misses you. The ufetubus barely misses you.
The ufetubus misses you. The ufetubus hits you.
You die...

#..............##.#.##.#
#..
#.########.#.........#.#
### ###.# #†#.#######.#.#
## ###.#.# #.#># #.#.# #.
#..#R.########.#.#
#.#.######
#.###............#
#.........
#..#R#########.#.#
#.#.###### #.#.## #.#5#
#......... #.#.######
#.#@#######.########
#.#.##...## ##.#.........##
#
#.#.#.....###...........>.#
#
#.#........#...########...#
# #.#..............#
#...#### #.##^............#
#......# #.###....R#......#
#.#.##.# #.# #....###.....#
#.#.##.# # #.# #.#.##
#.....# #.#.##.####


You could see an ufetubus.

Vanquished Creatures
  2 adders (D:2)
  A dart slug (D:1)
  2 endoplasms (D:1)
  2 giant cockroaches (D:1)
  A goblin (D:1)
  3 ball pythons
  3 bats
  A frilled lizard (D:1)
  3 rats
18 creatures vanquished.

Vanquished Creatures (collateral kills)
  A ball python (D:2)
  A frilled lizard (D:2)
2 creatures vanquished.

Vanquished Creatures (others)
  An ancestor (D:2)
1 creature vanquished.

Grand Total: 21 creatures vanquished

Notes
Turn   | Place    | Note
-------+----------+-------------------------------------------
     0 | D:1      | AttackTheMoon the Ghoul Necromancer began the quest for the
                  | Orb.
     0 | D:1      | Reached XP level 1. HP: 14/14 MP: 2/2
   167 | D:1      | Found a faded altar of an unknown god.
   179 | D:1      | Prayed at the altar of an unknown god.
   179 | D:1      | Became a worshipper of Hepliaklqana the Forgotten
   179 | D:1      | Reached * piety under Hepliaklqana
   253 | D:1      | Reached XP level 2. HP: 19/19 MP: 0/3
   561 | D:1      | Found Rygezigim's Antique Weapon Boutique.
   916 | D:2      | Reached skill level 1 in Fighting
   976 | D:2      | Reached XP level 3. HP: 18/25 MP: 1/5
  1314 | D:2      | HP: 1/25 [ufetubus (4)]
  1320 | D:1      | Slain by an ufetubus

Illustrated notes

Levels and vault maps discovered:
D:1:      amcnicky_arrival_abandoned_market, layout_loops_ring,
          ebering_ecumenical_altar_petrified, serial_shops, shop_fountains,
          item_on_display_a
D:2:      minmay_chambers_of_ones, layout_loops_ring

Skill      XL: |  1  2 |
---------------+-------+-----
Dodging        | 2 |  2.2
Spellcasting   | 2 |  2.2
Fighting       | 1 |  1.3
Stealth        | |  2.1
Necromancy     | |  4.3

Action                   || total
-------------------------++-------
Melee: Unarmed           ||    28
 Cast: Pain              ||    29
  Use: Scroll            ||     1
       Potion            ||     1
Armor: Robe              ||    17
Dodge: Dodged            ||    44

Table legend: (Time is in decaauts)
 A = Elapsed time spent in this place.
 B = Non-inter-level travel time spent in this place.
 C = Inter-level travel time spent in this place.
 D = Time resting spent in this place.
 E = Time spent auto-exploring this place.
 F = Levels seen in this place.
 G = Mean time per level.
                   A        B        C        D        E       F      G
               +--------+--------+--------+--------+--------+-----+--------+
         Total |   1319 |   1266 |     53 |    198 |    885 |   2 |  659.5 |
       Dungeon |   1319 |   1266 |     53 |    198 |    885 |   2 |  659.5 |
               +--------+--------+--------+--------+--------+-----+--------+

Top non-repeatable levels by time:
     D:1: 804 daAuts
     D:2: 514 daAuts
